 Dungeon Crawl Stone Soup version 0.14-a0-2721-g4592d88 (webtiles) character file.

786 primenumbers the Ducker (level 7, -1/72 HPs)
             Began as a Djinni Chaos Knight on Feb 19, 2014.
             Was a Plaything of Xom.
             Slain by Pikel
             ... wielding a +1,+0 whip of flaming
              (5 damage)
             ... on Level 4 of the Dungeon.
             The game lasted 00:50:53 (3536 turns).

primenumbers the Ducker (Djinni Chaos Knight)       Turns: 3536, Time: 00:50:53

HP  -1/72        AC  3     Str 11 (12) XL: 7   Next: 22%
MP   0/0         EV 14     Int 15      God: Xom
Gold 163         SH  0     Dex 12      Spells:  0 memorised, 15 levels left

rFire  + + +     SeeInvis .     a - +1,+0 falchion (chaos)
rCold  . . .     Clarity  .     c - +1 robe
rNeg   + + +     Conserve .     (no shield)
rPois  .         rCorr    .     (no helmet)
rElec  .         rRot     .     (no cloak)
SustAb . .       Spirit   .     (no gloves)
rMut   .         Warding  .     (boots unavailable)
Saprov . . .     Stasis   .     (no amulet)
MR     .....                    f - ring of magical power
                                h - ring of ice

@: flying, not resistant to hostile enchantments, unstealthy
A: fire immunity, cold vulnerability, life protection 3
a: Renounce Religion


You were on level 4 of the Dungeon.
You worshipped Xom.
You were a very special plaything of Xom.
You were not hungry.

You visited 1 branch of the dungeon, and saw 4 of its levels.

You collected 163 gold pieces.

Inventory:

Hand weapons
 a - a +1,+0 falchion of chaos (weapon)
Missiles
 i - 18 arrows of flame
Armour
 b - a +2 leather armour
 c - a +1 robe (worn)
Scrolls
 d - 3 scrolls of remove curse
 j - a scroll of identify
 k - a scroll of enchant weapon I
Jewellery
 e - an uncursed ring of sustain abilities
 f - a ring of magical power (right hand)
 h - a ring of ice (left hand)


   Skills:
 - Level 2.6 Fighting
 - Level 3.0 Long Blades
 - Level 2.1 Armour
 + Level 5.7 Dodging
 * Level 4.9 Spellcasting


You had 15 spell levels left.
You didn't know any spells.

Dungeon Overview and Level Annotations

Branches:
Dungeon (4/16)
 Temple: D:4-7

Altars:
Kikubaaqudgha
The Shining One

Annotations:
D:4 Eustachio, Pikel


Innate Abilities, Weirdness & Mutations

You are immune to all types of fire, even holy and hellish.
You are vulnerable to cold.
You need no food.
You have no legs.
You are immune to negative energy.


Message History

You hit the bat. You freeze the bat.
The bat is severely wounded.
The bat hits you but does no damage. Pikel barely misses you.
You barely miss the slave.
The slave is heavily wounded.
The bat closely misses you. The bat hits you but does no damage.
The slave closely misses you. Pikel misses you. The slave hits you.
The slave hits you.
* * * LOW HITPOINT WARNING * * *
You barely miss the slave.
The slave is heavily wounded.
The bat barely misses you. The slave misses you.
Pikel hits you with a runed whip!
* * * LOW HITPOINT WARNING * * *
The slave hits you!
* * * LOW HITPOINT WARNING * * *
The slave closely misses you. The slave barely misses you.
Pikel hits you with a runed whip.
You die...
Xom giggles madly!

,,****>***#....# *,****
,,,,,,,,.##....##* ,,,,*
,,,,,............,,,,,,*
,,, .....#......,,,,,,,*
,,.,,....#.#.#.###*,,,,*
...#*#........@§§#*,,,,*
...# #.......§§§@#*,,,,*
,..###.......§§K@#*,.,,*
,............§§§@#*...,*
*#.###..<...g§.@@#*#.#**
#.# #........§..# #.#
##.###..g........###.#
..................##.#
##)###............##.#
##.###.###.#.####.##.#####
........##.#.###.....<...#
.........................#


You could see Eustachio, Pikel, 4 slaves and a hobgoblin.

Vanquished Creatures
  Grinder (D:3)
  Purgy (D:3)
  A phantom (D:4)
  An ogre (D:4)
  A hound (D:4)
  A scorpion (D:4)
  A worker ant (D:4)
  A giant mite (D:4)
  A worm (D:4)
  A giant eyeball (D:3)
  2 giant geckos
  An ooze (D:1)
  9 orcs
  5 bats
  4 giant cockroaches
  4 goblins
  9 hobgoblins
  A quokka (D:4)
  4 giant newts
  9 kobolds
  8 rats
66 creatures vanquished.

Vanquished Creatures (collateral kills)
  A shadow imp (D:4)
1 creature vanquished.

Vanquished Creatures (others)
  An ufetubus (D:4)
1 creature vanquished.

Grand Total: 68 creatures vanquished

Notes
Turn   | Place    | Note
--------------------------------------------------------------
     0 | D:1      | primenumbers, the Djinni Chaos Knight, began the quest for the Orb.
     0 | D:1      | Reached XP level 1. HP: 16/16 MP: 0/0
    75 | D:1      | Reached skill level 1 in Spellcasting
    77 | D:1      | Reached skill level 1 in Dodging
   199 | D:1      | Reached XP level 2. EP: 20/23
  1070 | D:2      | Reached XP level 3. EP: 31/31
  1315 | D:2      | XOM: harmless Fire miscast
  1624 | D:2      | XOM: noise
  1672 | D:3      | Found a glowing golden altar of the Shining One.
  1907 | D:3      | XOM: harmless Ice miscast
  2124 | D:3      | Noticed Purgy
  2175 | D:3      | XOM: silly message
  2230 | D:3      | Found an ancient bone altar of Kikubaaqudgha.
  2448 | D:3      | XOM: god gift: 18 arrows of flame
  2505 | D:3      | Noticed Grinder
  2508 | D:3      | XOM: swap monsters
  2509 | D:3      | XOM: polymorph adder -> giant gecko
  2511 | D:3      | XOM: polymorph giant gecko -> giant eyeball
  2515 | D:3      | Paralysed by a giant eyeball for 3 turns
  2518 | D:3      | Killed Grinder
  2518 | D:3      | Reached skill level 4 in Dodging
  2518 | D:3      | Reached XP level 4. EP: 20/41
  2518 | D:3      | Reached XP level 5. EP: 22/48
  2518 | D:3      | Reached XP level 6. EP: 25/56
  2725 | D:3      | Killed Purgy
  2725 | D:3      | XOM: mild Divn miscast
  2969 | D:4      | Reached skill level 5 in Dodging
  3029 | D:4      | XOM: summons 2 hostile shadow creatures
  3066 | D:4      | Reached XP level 7. EP: 19/63
  3090 | D:4      | XOM: harmless Trmt miscast
  3276 | D:4      | XOM: stat loss: -1 Dex (12/12)
  3511 | D:4      | Noticed Pikel
  3516 | D:4      | XOM: noise
  3523 | D:4      | XOM: 1-stop teleportation journey
  3524 | D:4      | Noticed Eustachio
  3527 | D:4      | XOM: summons friendly ufetubus
  3530 | D:4      | XOM: harmless Trmt miscast
  3536 | D:4      | Slain by Pikel

Action                   |  1- 3 |  4- 6 |  7- 9 || total
-------------------------+-------+-------+-------++-------
Melee: Falchion          |   133 |    63 |    70 ||   266
  Use: Scroll            |    11 |     1 |     5 ||    17
       Potion            |     3 |       |       ||     3
 Stab: Paralysed         |     1 |     5 |       ||     6
